 Dungeon Crawl Stone Soup version 0.23.2-30-g0e89c35649 (webtiles) character file.

Game seed: 6801067608152717882

10196 eccles the Geomancer (level 11, -20/66 HPs)
             Began as a Gargoyle Earth Elementalist on June 6, 2019.
             Was an Elder of Vehumet.
             Killed from afar by a fire dragon (28 damage)
             ... with a blast of flame
             ... on level 13 of the Dungeon on June 9, 2019.
             The game lasted 01:23:07 (11141 turns).

eccles the Geomancer (Gargoyle Earth Elementalist) Turns: 11141, Time: 01:23:08

Health: -20/66     AC: 20    Str: 12    XL:     11   Next: 58%
Magic:  0/23       EV: 13    Int: 24    God:    Vehumet [****..]
Gold:   207        SH:  0    Dex: 10    Spells: 7/27 levels left

rFire    . . .     SeeInvis .   f - +3 dagger (venom)
rCold    . . .     Gourm    .   (no shield)
rNeg     + . .     Faith    .   R - +0 troll leather armour
rPois    ∞         Spirit   +   (no helmet)
rElec    +         Reflect  .   L - scarf {Spirit}
rCorr    .         Harm     .   j - +2 pair of gloves
MR       +....                  t - +2 pair of boots
Stlth    ++........             (no amulet)
HPRegen  0.61/turn              T - ring of flight
MPRegen  0.18/turn              J - +5 ring of intelligence

@: very slightly contaminated
A: yellow scales 1, blurry vision 1, magic resistance 1, negative energy
resistance 1, electricity resistance, unbreathing, petrification resistance, rot
immunity, AC +8
a: Renounce Religion, Evoke Flight


You were on level 13 of the Dungeon.
You worshipped Vehumet.
Vehumet was greatly pleased with you.
You were not hungry.

You visited 2 branches of the dungeon, and saw 13 of its levels.
You visited 1 bazaar.
You also visited: Sewer.

You collected 882 gold pieces.
You spent 675 gold pieces at shops.

Inventory:

Hand Weapons
 f - a +3 dagger of venom (weapon)
Missiles
 b - 245 stones
 C - 5 steel tomahawks (quivered)
Armour
 c - a +2 cloak
 j - a +2 pair of gloves (worn)
 t - a +2 pair of boots (worn)
 L - a scarf of spirit shield (worn)
 R - a +0 troll leather armour (worn)
Magical Staves
 S - an uncursed staff of power
Jewellery
 H - an uncursed ring of positive energy
 J - a +5 ring of intelligence (right hand)
 T - a ring of flight (left hand)
Wands
 v - a wand of iceblast (12)
 F - a wand of flame (2)
 G - a wand of acid (7)
 Q - a wand of paralysis (7)
 W - a wand of clouds (5)
Scrolls
 g - 2 scrolls of teleportation
 k - 4 scrolls of amnesia
 o - 4 scrolls of blinking
 x - 3 scrolls of fog
 A - 2 scrolls of magic mapping
 O - 3 scrolls of remove curse
 U - 8 scrolls of identify
Potions
 l - a potion of ambrosia
 n - a potion of magic
 p - a potion of resistance {unknown}
 r - 8 potions of heal wounds
 s - a potion of haste {unknown}
 u - 2 potions of mutation
 w - 3 potions of lignification
 z - 8 potions of flight
 B - a potion of curing
 D - 2 potions of cancellation
 M - a potion of degeneration {unknown}
 X - a potion of agility
Comestibles
 d - 21 rations


   Skills:
 * Level 6.4 Fighting
 + Level 6.1 Short Blades
 + Level 2.2 Armour
 + Level 5.2 Dodging
 + Level 3.8 Stealth
 * Level 8.6 Spellcasting
 - Level 0.5 Conjurations
 * Level 3.7 Translocations
 + Level 0.8 Transmutations
 * Level 11.5 Earth Magic
 + Level 1.2 Evocations


You had 7 spell levels left.
You knew the following spells:

 Your Spells              Type           Power        Failure   Level  Hunger
a - Sandblast             Erth           ######       1%          1    None
b - Passwall              Tmut/Erth      #####...     1%          2    None
c - Stone Arrow           Conj/Erth      #####.       1%          3    None
d - Lee's Rapid Deconstr  Erth           ######....   1%          5    ####...
e - Petrify               Tmut/Erth      #####...     6%          4    ##.....
f - Blink                 Tloc           N/A          2%          2    None
g - Ignite Poison         Fire/Tmut/Pois ##......     5%          3    None

Your spell library contained the following spells:

 Spells                   Type           Power        Failure   Level  Hunger
 Bolt of Draining         Conj/Necr      ##........   43%         5    ####...
 Flame Tongue             Conj/Fire      ##...        1%          1    None
 Magic Dart               Conj           ##..         1%          1    None
 Throw Flame              Conj/Fire      ##....       3%          2    None
 Gell's Gravitas          Tloc           ####......   4%          3    None
 Shroud of Golubria       Chrm/Tloc      ###.......   5%          2    None
 Conjure Flame            Conj/Fire      ##......     6%          3    None
 Mephitic Cloud           Conj/Pois/Air  ##......     6%          3    None
 Inner Flame              Hex/Fire       ##......     7%          3    None
 Confusing Touch          Hex            ##....       8%          1    None
 Infusion                 Chrm           ##..         8%          1    None
 Call Imp                 Summ           ##......     12%         2    None
 Poisonous Vapours        Pois/Air       ##....       12%         2    None
 Slow                     Hex            ##......     12%         2    None
 Song of Slaying          Chrm           ##......     12%         2    None
 Sticky Flame             Conj/Fire      ##......     17%         4    ##.....
 Confuse                  Hex            ##......     24%         3    None
 Regeneration             Chrm/Necr      ##........   24%         3    None
 Spectral Weapon          Hex/Chrm       ##......     24%         3    None
 Yara's Violent Unravell  Hex/Tmut       ##........   41%         5    ####...
 Fireball                 Conj/Fire      ##........   43%         5    ####...
 Metabolic Englaciation   Hex/Ice        ##........   91%         5    ####...
 Freezing Cloud           Conj/Ice/Air   ##........   93%         6    ######.
 Ring of Flames           Chrm/Fire      ##........   100%        7    #######


Dungeon Overview and Level Annotations

Branches:
Dungeon (11/15)            Temple (1/1) D:6            Lair (0/6) D:10
    Orc (0/2) D:11

Altars:
Ashenzari
Cheibriados
Elyvilon
Fedhas
Gozag
Hepliaklqana
Kikubaaqudgha
Makhleb
Nemelex Xobeh
Okawaru
Qazlal
Ru
Sif Muna
Trog
Uskayaw
Vehumet
Wu Jian
Xom
Yredelemnul
Zin
The Shining One

Annotations:
D:6 1 runed translucent door, Kotlin's ghost, novice DEWz


Innate Abilities, Weirdness & Mutations

You are resistant to torment.
Your stone body is resilient. (AC +8)
You are immune to poison.
You resist negative energy. (rN+)
You are resistant to electric shocks. (rElec)
You can survive without breathing.
You are immune to petrification.
You are immune to rotting.
You are partially covered in yellow scales. (AC +2)
Scrolls take you a little longer to read.
You are resistant to hostile enchantments. (MR+)


Message History

You begin reading the scroll.
You continue reading the scroll.
The centaur warrior shoots an arrow.
The arrow hits you but does no damage. The bullfrog closely misses you.
The centaur warrior shoots an arrow.
The arrow hits you.
The centaur shoots an arrow.
The arrow barely misses you.
As you read the scroll of teleportation, it crumbles to dust.
You feel strangely unstable.
The centaur warrior shoots an arrow.
The arrow hits you!
* * * LOW HITPOINT WARNING * * *
The centaur shoots an arrow.
The arrow misses you.
The centaur warrior shoots an arrow.
The arrow barely misses you.
You see here 3 arrows.
Your surroundings suddenly seem different.
The centaur shoots an arrow.
The arrow hits you.
* * * LOW HITPOINT WARNING * * *
The centaur shoots an arrow.
The arrow misses you.
The centaur shoots an arrow.
The arrow hits you!
* * * LOW HITPOINT WARNING * * *
The fire dragon breathes flames at you. The blast of flame hits you!!
You die...

.....>...#*,,,,,,,,**,,,,,,**,,*,
....(....##.......,**,..,,,,*,,*,
...cc...c##.......,**...,,,,*,,*,
....####c##.....#####...,,,,*,,,,
....# #.##.....#.......,,,,*,**,
...c####c##.....#.......,,,,*,,,,
...zc.....'............#,**,****,
..c.####(##.....#......#,**,* *,
.......#..c.(...@(.....#,**,* *,
.....#.######...........,,*,* *,
.....#......'..........#***,*****
##c#)###..###...(##.....,,,,,,*,,
#.#)# #..#.c..D.#*.####*****,**8
##.#)# #..#.z....#*,# *,+,,
.z.#)# #..#..c...#*,* *****
####.# #..((.....#*,* *,, #..#.#
##.##c....#*,******** ***


You could see a fire dragon, a skeletal warrior and 3 centaurs.

Vanquished Creatures
  A hydra (D:8)
  2 trolls
  2 dream sheep (D:8)
  A hippogriff (D:8)
  Sigmund (D:3)
  13 yaks
  A vampire (D:13)
  2 wyverns
  Eustachio (D:5)
  A wraith (D:10)
  2 hungry ghosts
  Menkaure (D:6)
  A water moccasin (D:6)
  Duvessa (D:5)
  3 orc warriors
  An ice beast (D:8)
  2 sky beasts (D:10)
  A necrophage (D:7)
  2 phantoms
  3 ogres
  2 centaurs (D:8)
  Blork the orc (D:6)
  3 bullfrogs
  3 big kobolds (D:8)
  A wyvern zombie (D:8)
  Dowan (D:4)
  3 scorpions
  14 killer bees
  13 wights
  4 howler monkeys
  2 lava snakes (D:10)
  A quasit (D:6)
  5 crimson imps
  A bullfrog zombie (D:8)
  2 jellies
  11 orc priests
  3 bullfrog skeletons
  5 hounds
  2 centaur skeletons (D:5)
  11 orc wizards
  2 iguanas
  4 worker ants
  A hound skeleton (D:8)
  A mummy (D:7)
  A howler monkey zombie (D:11)
  11 gnolls
  19 adders
  A howler monkey skeleton (D:7)
  2 shadow imps
  2 oozes (D:3)
  2 adder skeletons
  2 adder zombies
  4 worms
  3 dart slugs
  2 leopard geckos
  51 orcs
  11 bats
  3 giant cockroaches
  11 goblins
  6 hobgoblins
  8 jackals
  5 quokkas
  A ball python (D:4)
  11 frilled lizards
  2 goblin skeletons (D:6)
  A goblin zombie (D:6)
  2 hobgoblin zombies (D:6)
  11 kobolds
  A kobold zombie (D:6)
  A leopard gecko skeleton (D:4)
  An orc skeleton (D:6)
  9 rats
  4 plants (Sewer)
326 creatures vanquished.

Vanquished Creatures (others)
  2 plants
2 creatures vanquished.

Grand Total: 328 creatures vanquished

Notes
Turn   | Place    | Note
-------+----------+-------------------------------------------
     0 | D:1      | eccles the Gargoyle Earth Elementalist began the quest for
                  | the Orb.
     0 | D:1      | Reached XP level 1. HP: 10/10 MP: 3/3
   130 | D:1      | Reached XP level 2. HP: 10/15 MP: 5/5
   226 | D:1      | Learned a level 2 spell: Passwall
   275 | D:1      | Reached skill level 4 in Earth Magic
   705 | D:1      | Reached XP level 3. HP: 12/20 MP: 0/6
  1166 | D:2      | Found a white marble altar of Elyvilon.
  1661 | D:2      | Reached skill level 1 in Fighting
  1661 | D:2      | Reached XP level 4. HP: 19/25 MP: 1/7
  1678 | D:2      | Reached skill level 1 in Armour
  1988 | D:2      | Found a sparkling altar of Nemelex Xobeh.
  2113 | D:3      | Learned a level 3 spell: Stone Arrow
  2179 | D:3      | Reached skill level 1 in Short Blades
  2179 | D:3      | Reached XP level 5. HP: 22/29 MP: 0/9
  2638 | D:3      | Noticed Sigmund
  2662 | D:3      | Killed Sigmund
  2662 | D:3      | Reached skill level 5 in Earth Magic
  2662 | D:3      | Reached XP level 6. HP: 31/35 MP: 7/10
  2997 | D:4      | Reached XP level 7. HP: 27/40 MP: 0/11
  3141 | D:4      | Found a glowing drain.
  3156 | Sewer    | Entered a sewer
  3708 | Sewer    | Reached skill level 6 in Earth Magic
  3874 | D:4      | Noticed a wyvern
  3883 | D:4      | Killed a wyvern
  4203 | D:5      | Entered Level 5 of the Dungeon
  4242 | D:5      | Noticed Dowan
  4244 | D:5      | Noticed Duvessa
  4259 | D:5      | Killed Duvessa
  4259 | D:5      | Reached XP level 8. HP: 36/46 MP: 4/14
  4292 | D:4      | Killed Dowan
  4883 | D:5      | Learned a level 5 spell: Lee's Rapid Deconstruction
  4888 | D:5      | Learned a level 4 spell: Petrify
  5015 | D:5      | Reached skill level 7 in Earth Magic
  5080 | D:5      | Gained mutation: Scrolls take you a little longer to read.
                  | [potion of mutation]
  5080 | D:5      | Gained mutation: You are partially covered in yellow
                  | scales. (AC +2) [potion of mutation]
  5080 | D:5      | Gained mutation: You are resistant to hostile enchantments.
                  | (MR+) [potion of mutation]
  5148 | D:5      | Found a basalt altar of Yredelemnul.
  5427 | D:5      | Noticed Eustachio
  5466 | D:5      | Killed Eustachio
  5559 | D:6      | Upgraded the game from 0.23.2-11-gf996548c65 to
                  | 0.23.2-30-g0e89c35649
  5608 | D:6      | Found a glowing golden altar of the Shining One.
  5696 | D:6      | Found a staircase to the Ecumenical Temple.
  5744 | Temple   | Entered the Ecumenical Temple
  5812 | Temple   | Became a worshipper of Vehumet
  5897 | D:6      | Found a burning altar of Makhleb.
  5947 | D:6      | Reached XP level 9. HP: 52/52 MP: 16/16
  5984 | D:6      | Found a bloodstained altar of Trog.
  6026 | D:6      | Reached skill level 5 in Spellcasting
  6055 | D:6      | Noticed Menkaure
  6059 | D:6      | Killed Menkaure
  6059 | D:6      | Reached skill level 8 in Earth Magic
  6268 | D:6      | Found a runed translucent door.
  6272 | D:6      | Noticed Kotlin's ghost (novice DEWz)
  6655 | D:6      | Noticed Blork the orc
  6662 | D:6      | Found a deep blue altar of Sif Muna.
  6680 | D:6      | Killed Blork the orc
  6793 | D:7      | Learned a level 2 spell: Blink
  6817 | D:7      | Found a snail-covered altar of Cheibriados.
  6936 | D:7      | Reached * piety under Vehumet
  6936 | D:7      | Offered knowledge of Shock by Vehumet.
  7210 | D:7      | Reached skill level 5 in Short Blades
  7560 | D:8      | Reached skill level 1 in Translocations
  7636 | D:8      | Found a hazy altar of Hepliaklqana.
  7645 | D:8      | Reached skill level 9 in Earth Magic
  7694 | D:8      | Reached skill level 5 in Fighting
  7694 | D:8      | Reached XP level 10. HP: 37/59 MP: 2/19
  7820 | D:8      | Noticed a two-headed hydra
  7857 | D:8      | Killed a two-headed hydra
  8232 | D:8      | Found an ancient bone altar of Kikubaaqudgha.
  8244 | D:8      | Offered knowledge of Searing Ray by Vehumet.
  8307 | D:8      | Reached skill level 10 in Earth Magic
  8311 | D:8      | Reached ** piety under Vehumet
  8544 | D:9      | Found an opulent altar of Gozag.
  8648 | D:9      | Found an iron altar of Okawaru.
  8765 | D:9      | Reached skill level 5 in Dodging
  9256 | D:9      | Reached XP level 11. HP: 44/64 MP: 13/22
  9387 | D:9      | Offered knowledge of Ignite Poison by Vehumet.
  9402 | D:9      | Learned a level 3 spell: Ignite Poison
  9407 | D:10     | Entered Level 10 of the Dungeon
  9500 | D:10     | Reached skill level 11 in Earth Magic
  9651 | D:10     | Reached *** piety under Vehumet
  9798 | D:10     | Reached skill level 1 in Evocations
 10347 | D:10     | Found a staircase to the Lair.
 10458 | D:11     | Offered knowledge of Fulminant Prism by Vehumet.
 10529 | D:11     | Found a flickering gateway to a bazaar.
 10567 | Bazaar   | Entered a bazaar
 10586 | Bazaar   | Found Cage's Antique Weapon Emporium.
 10607 | Bazaar   | Found Siqi Cua's Antique Armour Shoppe.
 10607 | Bazaar   | Found Ulieps's Gadget Emporium.
 10632 | Bazaar   | Found Epnoycuc's Magic Scroll Shoppe.
 10632 | Bazaar   | Found Imudwa's Book Emporium.
 10744 | Bazaar   | Bought a scroll of identify for 20 gold pieces
 10744 | Bazaar   | Bought a scroll of identify for 20 gold pieces
 10744 | Bazaar   | Bought a scroll of magic mapping for 35 gold pieces
 10744 | Bazaar   | Bought a scroll of identify for 20 gold pieces
 10744 | Bazaar   | Bought 2 scrolls of remove curse for 60 gold pieces
 10744 | Bazaar   | Bought a scroll of identify for 20 gold pieces
 10744 | Bazaar   | Bought a scroll of identify for 20 gold pieces
 10750 | Bazaar   | Bought a book of Battle for 480 gold pieces
 10787 | D:11     | You fall through a shaft for 2 floors!
 10919 | D:13     | Found a portal to a secret trove of treasure.
 10986 | D:13     | Reached **** piety under Vehumet
 11010 | D:13     | Offered knowledge of Bolt of Draining by Vehumet.
 11037 | D:13     | Noticed a two-headed ogre
 11045 | D:13     | Noticed a fire dragon
 11047 | D:13     | a two-headed ogre changed into a torpor snail
 11083 | D:13     | Noticed a skeletal warrior
 11083 | D:13     | Noticed a skeletal warrior
 11090 | D:13     | Noticed a centaur warrior
 11141 | D:13     | Killed from afar by a fire dragon

Skill      XL: |  1  2  3  4  5  6  7  8  9 10 11 |
---------------+----------------------------------+-----
Earth Magic    | 4 5 6 7 9 10 11 | 11.5
Fighting       | 1 2 3 5 6 |  6.4
Armour         | 1 2 |  2.2
Short Blades   | 1 2 3 4 5 6 |  6.1
Dodging        | 2 3 4 5 |  5.2
Stealth        | 3 |  3.8
Spellcasting   | 3 4 6 7 8 |  8.6
Translocations | 1 3 |  3.7
Evocations     | 1 |  1.2
Conjurations   | |  0.5
Transmutations | |  0.8

Action                   |  1- 3 |  4- 6 |  7- 9 | 10-12 || total
-------------------------+-------+-------+-------+-------++-------
Melee: Short sword       |   121 |    49 |       |    97 ||   267
       Unarmed           |     7 |       |       |       ||     7
       Dagger            |       |    88 |   703 |   221 ||  1012
 Cast: Sandblast         |    14 |    11 |    79 |   106 ||   210
       Stone Arrow       |       |       |     8 |    49 ||    57
 Abil: Evoke Flight      |       |       |       |     1 ||     1
Evoke: Wand              |       |       |       |     6 ||     6
  Use: Scroll            |     5 |     3 |    14 |     8 ||    30
       Potion            |       |     2 |     3 |       ||     5
 Stab: Sleeping          |       |       |     3 |     1 ||     4
       Distracted        |       |       |       |     1 ||     1
  Eat: Chunk             |     3 |     4 |    16 |    10 ||    33
       Ration            |       |       |       |     1 ||     1
Armor: Robe              |     3 |     7 |   247 |    54 ||   311
       Leather armour    |    46 |    60 |       |       ||   106
       Troll leather arm |       |       |       |   119 ||   119
Dodge: Dodged            |    98 |    91 |   341 |   221 ||   751
